 Dungeon Crawl Stone Soup version 0.28-a0-1142-gc8569940dd (webtiles) character file.

Game seed: 14756442035898850387

59156 ChaosChampion the Eclecticist (level 14, -5/68 HPs)
             Began as a Deep Elf Conjurer on Dec 13, 2021.
             Was a High Priest of Vehumet.
             Shot with an arrow by a satyr (34 damage)
             ... on level 2 of the Shoals.
             The game lasted 01:13:10 (24218 turns).

ChaosChampion the Eclecticist (Deep Elf Conjurer)  Turns: 24218, Time: 01:13:11

Health: -5/68      AC:  5    Str:  6    XL:     14   Next: 52%
Magic:  21/39      EV: 13    Int: 31    God:    Vehumet [*****.]
Gold:   1722       SH:  0    Dex: 19    Spells: 2/52 levels left

rFire   + . .      SeeInvis .   f - staff of fire
rCold   . . .      Faith    .   (no shield)
rNeg    . . .      Spirit   .   r - +2 robe {Archmagi}
rPois   .          Reflect  .   (helmet restricted)
rElec   +          Harm     .   (no cloak)
rCorr   .          Rampage  .   k - +0 pair of gloves
Will    +....      Archmagi +   (no boots)
Stlth   +.........              i - amulet of magic regeneration
HPRegen 0.21/turn               u - ring of wizardry
MPRegen 0.66/turn               a - ring of the Ban {rElec Dex+6}

@: death channelling, afraid, very slow
A: horns 1, clever 1, strong 1
a: Renounce Religion


You were on level 2 of the Shoals.
You worshipped Vehumet.
Vehumet was extremely pleased with you.
You visited 4 branches of the dungeon, and saw 21 of its levels.
You also visited: Bailey.

You collected 3602 gold pieces.
You spent 1880 gold pieces at shops.

Inventory:

Missiles
 o - 18 poisoned darts
 E - a throwing net
 H - 64 boomerangs (quivered)
Armour
 k - a +0 pair of gloves (worn)
 m - a +2 leather armour of poison resistance
 n - a +2 helmet
 r - a +2 robe of the Archmagi (worn)
Magical Staves
 f - a staff of fire (weapon)
Jewellery
 a - the ring of the Ban (right hand) {rElec Dex+6}
   (You found it on level 10 of the Dungeon)

   [ring of dexterity]

   Dex:       It affects your dexterity (+6).
   rElec:     It insulates you from electricity.
 c - a ring of protection from cold
 e - a ring of poison resistance
 g - a +6 ring of intelligence
 i - an amulet of magic regeneration (around neck)
 j - a ring of flight
 u - a ring of wizardry (left hand)
 w - a ring of resist corrosion
 x - a +6 ring of intelligence
 D - an amulet of the acrobat
 P - a ring of fire
Wands
 q - a wand of iceblast (10)
 y - a wand of digging (4)
Scrolls
 l - 3 scrolls of summoning
 t - 3 scrolls of enchant weapon
 v - 6 scrolls of identify
 z - 2 scrolls of teleportation
 B - 5 scrolls of fear
 C - a scroll of acquirement
 F - a scroll of enchant armour
 W - a scroll of holy word
Potions
 b - 10 potions of curing
 d - 4 potions of might {unknown}
 h - 6 potions of haste
 p - 2 potions of ambrosia
 s - 3 potions of lignification {unknown}
 A - 2 potions of heal wounds
 G - a potion of berserk rage {unknown}
 I - 5 potions of flight
 R - 2 potions of resistance {unknown}
 V - a potion of magic
 Y - a potion of experience
Miscellaneous
 L - a lightning rod (4/4)


   Skills:
 - Level 2.6 Dodging
 - Level 2.7 Stealth
 - Level 19.9 Spellcasting
 - Level 17.2 Conjurations
 * Level 4.1 Necromancy
 - Level 6.0 Translocations
 - Level 12.0 Fire Magic
 - Level 4.0 Air Magic
 - Level 4.0 Poison Magic


You had 2 spell levels left.
You knew the following spells:

 Your Spells              Type           Power      Damage    Failure   Level
a - Fireball              Conj/Fire      67%        3d25      1%          5
b - Eringya's Noxious Bo  Tmut/Pois      29%        N/A       10%         6
c - Death Channel         Necr           35%        N/A       13%         6
d - Iskenderun's Mystic   Conj/Tloc      100%       2d19      1%          4
e - Blink                 Tloc           100%       N/A       1%          2
f - Starburst             Conj/Fire      67%        6d17      1%          6
g - Ignition              Fire           63%        3d17      7%          8
h - Dispersal             Tloc           40%        N/A       6%          6
i - Flame Wave            Conj/Fire      100%       2d14      1%          4
j - Magic Dart            Conj           100%       1d8       0%          1
k - Poisonous Vapours     Pois/Air       100%       N/A       1%          2

Your spell library contained the following spells:

 Spells                   Type           Power      Damage    Failure   Level
 Ozocubu's Refrigeration  Ice            23%        4d9       63%         7
 Searing Ray              Conj           100%       2d8       0%          2
 Static Discharge         Conj/Air       98%        N/A       0%          2
 Corpse Rot               Necr/Air       100%       N/A       1%          2
 Passwall                 Tmut/Erth      38%        N/A       1%          2
 Dazzling Flash           Conj/Hex       100%       N/A       1%          3
 Gell's Gravitas          Tloc           80%        N/A       1%          3
 Inner Flame              Hex/Fire       100%       N/A       1%          3
 Lesser Beckoning         Tloc           80%        N/A       1%          3
 Swiftness                Air            70%        N/A       1%          3
 Teleport Other           Tloc           80%        N/A       1%          3
 Animate Dead             Necr           35%        N/A       1%          4
 Dispel Undead            Necr           71%        3d24      1%          4
 Fulminant Prism          Conj/Hex       45%        3d21      1%          4
 Sticky Flame             Conj/Fire      100%       2d11      1%          4
 Manifold Assault         Tloc           80%        N/A       1%          5
 Iron Shot                Conj/Erth      45%        9d9       1%          6
 Borgnjor's Vile Clutch   Necr/Erth      30%        N/A       6%          5


Dungeon Overview and Level Annotations

Branches:
Dungeon (12/15)            Temple (1/1) D:6            Lair (6/6) D:8
 Shoals (2/4) Lair:3        Snake (0/4) Lair:3        Slime (0/5) Lair:5
    Orc (0/2) D:10         Bailey (visited)

Altars:
Ashenzari
Elyvilon
Fedhas
Gozag
Hepliaklqana
Kikubaaqudgha
Makhleb
Nemelex Xobeh
Okawaru
Qazlal
Sif Muna
Trog
Uskayaw
Vehumet
Xom
Yredelemnul
Zin
Beogh

Shops:
Shoals:1 :

Portals:
Hell: Lair:6

Annotations:
Lair:3 Rupert


Innate Abilities, Weirdness & Mutations

You have a pair of small horns on your head.
Your mind is acute. (Int +2)
Your muscles are strong. (Str +2)


Message History

You hear a shout!
Your Necromancy skill increases to level 4!
Found a long sword.
A satyr comes into view. It is wielding a +0 quarterstaff.
You enter the shallow water.
Moving in this stuff is going to be slow.
A merfolk javelineer comes into view. It is wielding a +1 spear of venom.
Casting: Fireball (safe; 1% risk of failure)
Confirm with . or Enter, or press ? or * to list all spells.
Aiming: Fireball (safe; 1% risk of failure)
Press: ? - help, Shift-Dir - straight line, f - satyr
Aim: a satyr, wielding a +0 quarterstaff and quivering arrows You feel a strong surge of power!
The fireball explodes!
The fireball engulfs the satyr!!!
The satyr is severely wounded.
You hear a shout!
The merfolk javelineer throws a javelin.
The javelin pierces through you!
The satyr plays a frightful melody on his pipes!
The satyr radiates an aura of fear!
You are terrified of the satyr!
Press: ? - help, v - describe, . - travel Some shallow water.
Casting: Fireball (safe; 1% risk of failure)
Confirm with . or Enter, or press ? or * to list all spells.
The spell is quite dangerous to miscast (7% risk of failure)!
Continue anyway?
Casting: Ignition (quite dangerous; 7% risk of failure)
Press: ? - help, Dir - look around, f - activate You feel a strong surge of power!
The air bursts into flame!
The fireball engulfs the merfolk javelineer!!
The merfolk javelineer is moderately wounded.
The fireball engulfs the satyr!
The satyr is severely wounded.
You hear an angry hiss.
The merfolk javelineer throws a javelin.
The javelin pierces through your spectral merfolk!
The javelin pierces through you!!
The satyr unwields a +0 quarterstaff.
The satyr wields a +0 longbow.
The satyr shoots an arrow.
The arrow hits you!!
Ouch! That really hurt!
You die...

#...≈.<.....≈≈
##...........≈
##.≈........≈
#....##.##..≈
##.≈.## ## .≈
###....###.. ≈
##.....≈≈.....
#..≈...≈≈).)..
#..@...≈≈..≈≈≈
.........≈Z...§≈≈≈
............≈§m...
...≈≈.............
..≈≈....##......#
.......## c....##
≈...... ......
....... ...≈


You could see a merfolk javelineer, a satyr (scary, ally target) and a friendly
spectral merfolk.

Vanquished Creatures
  Nikola (Shoals:1)
  Nessos (D:12)
  The ghost of Heutrac the Unseen, a journeyman SpEn of Dithmenos (Lair:2)
  8 hydras
  13 death yaks
  2 two-headed ogres
  An alligator (Lair:6)
  Sonja (Lair:6)
  A sixfirhy (Lair:6)
  2 orc knights (Bailey)
  A wizard (Lair:6)
  2 oklob plants
  A cyclops (D:11)
  2 ugly things
  2 manticores (Shoals:1)
  A merfolk siren (Shoals:1)
  A smoke demon (Lair:6)
  9 black mambas
  An orange demon (Lair:6)
  11 cane toads
  2 gargoyles (D:12)
  9 elephants
  2 centaur skeletons (D:10)
  A torpor snail (Lair:3)
  4 rime drakes (Lair:6)
  5 komodo dragons
  An unseen horror (D:10)
  3 ice devils (Lair:6)
  A red devil (Lair:6)
  2 hornets
  4 polar bears
  4 trolls
  Prince Ribbit (Lair:1)
  5 merfolk
  5 slime creatures
  3 blink frogs
  7 dream sheep (Lair:6)
  2 wraiths (D:12)
  27 yaks
  5 wyverns
  4 basilisks
  2 steam dragons
  2 acid dragons
  2 hell hounds (Lair:6)
  14 water moccasins
  A swamp drake (D:10)
  12 orc warriors
  A sky beast (D:8)
  4 ice beasts
  2 ogres (D:6)
  2 black bears
  A necrophage (D:7)
  9 centaurs
  23 wolves
  A phantom (D:7)
  10 bullfrogs
  Blork the orc (D:5)
  2 scorpions
  A water moccasin skeleton (D:6)
  9 killer bees
  5 howler monkeys
  14 wights
  4 electric eels
  Crazy Yiuf (D:7)
  2 hounds
  4 centaur zombies
  3 jellies
  A bullfrog skeleton (D:4)
  A gnoll shaman (D:10)
  4 orc priests
  6 iguanas
  5 orc wizards
  A killer bee zombie (D:7)
  A centaur simulacrum (D:10)
  A howler monkey zombie (D:9)
  14 gnolls
  3 adders
  2 shadow imps
  3 worms
  An adder skeleton (D:4)
  4 dart slugs
  29 orcs
  4 ball pythons
  4 bats
  9 endoplasms
  A giant cockroach (D:2)
  15 goblins
  8 hobgoblins
  3 jackals (D:1)
  15 kobolds
  6 quokkas
  3 frilled lizards
  6 rats
  A plant (Shoals:1)
442 creatures vanquished.

Vanquished Creatures (others)
  A merfolk (Shoals:1)
  2 hell hounds (Lair:6)
  29 fungi
  76 plants
108 creatures vanquished.

Grand Total: 550 creatures vanquished

Notes
Turn   | Place    | Note
-------+----------+-------------------------------------------
     0 | D:1      | ChaosChampion the Deep Elf Conjurer began the quest for the
                  | Orb.
     0 | D:1      | Reached XP level 1. HP: 10/10 MP: 6/6
   244 | D:1      | Reached XP level 2. HP: 15/15 MP: 4/8
   391 | D:1      | Found a faded altar of an unknown god.
   615 | D:1      | Learned a level 2 spell: Searing Ray
  1140 | D:1      | Reached skill level 4 in Spellcasting
  1140 | D:1      | Reached XP level 3. HP: 19/19 MP: 6/10
  2455 | D:3      | Reached skill level 5 in Conjurations
  2560 | D:3      | Noticed an ice beast
  2595 | D:3      | Reached XP level 4. HP: 24/24 MP: 6/12
  2609 | D:3      | Learned a level 2 spell: Poisonous Vapours
  2778 | D:2      | Learned a level 4 spell: Iskenderun's Mystic Blast
  2857 | D:3      | Killed an ice beast
  2858 | D:3      | Reached skill level 5 in Spellcasting
  2858 | D:3      | Reached skill level 1 in Translocations
  2858 | D:3      | Reached skill level 1 in Fire Magic
  2858 | D:3      | Reached skill level 1 in Poison Magic
  2858 | D:3      | Reached XP level 5. HP: 23/28 MP: 0/14
  2901 | D:3      | Reached skill level 1 in Air Magic
  3117 | D:3      | Found a broken altar of Ashenzari.
  3120 | D:3      | Found a bloodstained altar of Trog.
  3120 | D:3      | Found an iron altar of Okawaru.
  3898 | D:4      | Reached XP level 6. HP: 24/32 MP: 11/16
  5134 | D:5      | Entered Level 5 of the Dungeon
  5233 | D:5      | Noticed Blork the orc
  5621 | D:5      | Killed Blork the orc
  5622 | D:5      | Reached XP level 7. HP: 33/36 MP: 9/17
  5748 | D:5      | Reached skill level 6 in Spellcasting
  6552 | D:6      | Noticed a troll
  6571 | D:6      | Killed a troll
  6572 | D:6      | Reached XP level 8. HP: 41/41 MP: 9/20
  6855 | D:6      | Reached skill level 7 in Spellcasting
  7066 | D:6      | Found a staircase to the Ecumenical Temple.
  7097 | Temple   | Entered the Ecumenical Temple
  7155 | Temple   | Became a worshipper of Vehumet
  7296 | D:6      | Learned a level 5 spell: Fireball
  7303 | D:6      | Learned a level 6 spell: Starburst
  7513 | D:6      | Found an opulent altar of Gozag.
  7577 | D:6      | Identified the +1 leather armour "Dahesku" {*Corrode Int+4
                  | Dex+2 Slay+3 SInv}
  7982 | D:7      | Reached skill level 5 in Translocations
  8029 | D:7      | Noticed a hornet
  8055 | D:7      | Killed a hornet
  8056 | D:7      | Reached skill level 8 in Spellcasting
  8056 | D:7      | Reached skill level 5 in Fire Magic
  8056 | D:7      | Reached XP level 9. HP: 45/45 MP: 9/23
  8460 | D:7      | Found a hazy altar of Hepliaklqana.
  8705 | D:7      | Found a runed translucent door.
  8706 | D:7      | Noticed Crazy Yiuf
  8736 | D:7      | Killed Crazy Yiuf
  9080 | D:8      | Reached * piety under Vehumet
  9080 | D:8      | Offered knowledge of Shock by Vehumet.
  9081 | D:8      | Reached skill level 9 in Spellcasting
  9454 | D:8      | Found a staircase to the Lair.
  9545 | D:8      | Noticed a two-headed ogre
  9562 | D:8      | Killed a two-headed ogre
  9563 | D:8      | Reached skill level 10 in Spellcasting
  9563 | D:8      | Reached XP level 10. HP: 50/50 MP: 12/26
  9719 | D:9      | Found a flagged portal.
  9758 | Bailey   | Entered a bailey
  9764 | Bailey   | Noticed an orc knight
  9788 | Bailey   | Noticed an orc knight
  9789 | Bailey   | Identified the +7 chain mail of Resilience {rN+ Will+ rCorr
                  | Str-3}
  9867 | Bailey   | Killed an orc knight
  9930 | Bailey   | Reached skill level 11 in Spellcasting
  9967 | Bailey   | Killed an orc knight
  9968 | Bailey   | Reached skill level 10 in Conjurations
 10013 | Bailey   | Reached ** piety under Vehumet
 10013 | Bailey   | Offered knowledge of Static Discharge by Vehumet.
 10525 | D:9      | Reached skill level 12 in Spellcasting
 11648 | D:9      | Found a runed translucent door.
 12372 | D:10     | Entered Level 10 of the Dungeon
 12476 | D:10     | Reached skill level 13 in Spellcasting
 12479 | D:10     | Reached XP level 11. HP: 50/54 MP: 16/30
 12485 | D:10     | Identified the ring of the Ban {rElec Dex+6}
 12511 | D:10     | Learned a level 4 spell: Sticky Flame
 12518 | D:10     | Learned a level 6 spell: Dispersal
 12688 | D:10     | Offered knowledge of Ignite Poison by Vehumet.
 12800 | D:10     | Noticed a +0 falchion
 12801 | D:10     | Noticed a +0 short sword
 12801 | D:10     | Noticed a +0 short sword
 12801 | D:10     | Noticed a +0 spear
 12802 | D:10     | Noticed a +0 dagger
 12802 | D:10     | Noticed a +0 spear
 12802 | D:10     | Noticed a +0 falchion
 12802 | D:10     | Noticed a +0 dagger
 12825 | D:10     | Found a hide-covered altar of Uskayaw.
 13176 | D:10     | Reached *** piety under Vehumet
 13244 | D:10     | Found a staircase to the Orcish Mines.
 13502 | D:11     | Noticed a brown ugly thing
 13506 | D:11     | Killed a brown ugly thing
 13591 | D:11     | Offered knowledge of Flame Wave by Vehumet.
 13597 | D:11     | Learned a level 4 spell: Flame Wave
 14227 | D:12     | Noticed a seven-headed hydra
 14230 | D:12     | Killed a seven-headed hydra
 14231 | D:12     | Reached skill level 14 in Spellcasting
 14244 | D:12     | Noticed a two-headed ogre
 14247 | D:12     | Killed a two-headed ogre
 14292 | D:12     | Noticed Nessos
 14296 | D:12     | Killed Nessos
 14428 | D:12     | Found a sparkling altar of Nemelex Xobeh.
 14592 | D:12     | Noticed a cyan ugly thing
 14598 | D:12     | Killed a cyan ugly thing
 15315 | Lair:1   | Entered Level 1 of the Lair of Beasts
 15526 | Lair:1   | Reached XP level 12. HP: 59/59 MP: 26/32
 15547 | Lair:1   | Reached skill level 15 in Spellcasting
 15778 | Lair:1   | Noticed a five-headed hydra
 15861 | Lair:1   | Killed a five-headed hydra
 16078 | Lair:1   | Reached **** piety under Vehumet
 16087 | Lair:1   | Noticed a four-headed hydra
 16092 | Lair:1   | Noticed a four-headed hydra
 16106 | Lair:1   | Killed a four-headed hydra
 16106 | Lair:1   | Killed a four-headed hydra
 16106 | Lair:1   | Offered knowledge of Lee's Rapid Deconstruction by Vehumet.
 16113 | Lair:1   | Reached skill level 10 in Fire Magic
 16123 | Lair:1   | Learned a level 8 spell: Ignition
 16328 | Lair:1   | Noticed Prince Ribbit
 16330 | Lair:1   | Killed Prince Ribbit
 16336 | Lair:1   | Reached skill level 16 in Spellcasting
 16662 | Lair:1   | Identified a scroll of acquirement
 16662 | Lair:1   | Acquired 1159 gold pieces
 16809 | Lair:1   | Gained mutation: Your muscles are strong. (Str +2) [potion
                  | of mutation]
 16809 | Lair:1   | Gained mutation: Your spells are a little easier to cast,
                  | but a little less powerful. [potion of mutation]
 16809 | Lair:1   | Gained mutation: Your mind is acute. (Int +2) [potion of
                  | mutation]
 16810 | Lair:1   | Lost mutation: Your muscles are strong. (Str +2) [potion of
                  | mutation]
 16810 | Lair:1   | Lost mutation: Your spells are a little easier to cast, but
                  | a little less powerful. [potion of mutation]
 16810 | Lair:1   | Gained mutation: You are clumsy. (Dex -2) [potion of
                  | mutation]
 16810 | Lair:1   | Gained mutation: You are frail. (-10% HP) [potion of
                  | mutation]
 16810 | Lair:1   | Gained mutation: You expend magic power (3 MP) to
                  | strengthen your wands. [potion of mutation]
 16839 | Lair:2   | Noticed a death yak
 16853 | Lair:2   | Noticed a death yak
 16855 | Lair:2   | Killed a death yak
 16861 | Lair:2   | Killed a death yak
 16878 | Lair:2   | Noticed a death yak
 16881 | Lair:2   | Killed a death yak
 16883 | Lair:2   | Noticed a death yak
 16884 | Lair:2   | Noticed a death yak
 16885 | Lair:2   | Killed a death yak
 16916 | Lair:2   | Noticed a death yak
 16919 | Lair:2   | Killed a death yak
 16924 | Lair:2   | Killed a death yak
 17190 | Lair:2   | Reached skill level 17 in Spellcasting
 17404 | Lair:2   | Found a large runed translucent door.
 17439 | Lair:2   | Found a large runed translucent door.
 17497 | Lair:2   | Noticed Heutrac's ghost (journeyman SpEn)
 17502 | Lair:2   | Killed Heutrac's ghost
 17503 | Lair:2   | Reached XP level 13. HP: 56/56 MP: 28/36
 17825 | Lair:3   | Reached skill level 15 in Conjurations
 18015 | Lair:3   | Reached ***** piety under Vehumet
 18015 | Lair:3   | Offered knowledge of Eringya's Noxious Bog by Vehumet.
 18115 | Lair:3   | Found a staircase to the Snake Pit.
 18144 | Lair:3   | Found a staircase to the Shoals.
 18824 | Lair:4   | Reached skill level 18 in Spellcasting
 19241 | Lair:4   | Lost mutation: You are frail. (-10% HP) [potion of
                  | mutation]
 19241 | Lair:4   | Lost mutation: You are clumsy. (Dex -2) [potion of
                  | mutation]
 19241 | Lair:4   | Gained mutation: You have a pair of small horns on your
                  | head. [potion of mutation]
 19241 | Lair:4   | Lost mutation: You expend magic power (3 MP) to strengthen
                  | your wands. [potion of mutation]
 19241 | Lair:4   | Gained mutation: Your muscles are strong. (Str +2) [potion
                  | of mutation]
 19753 | Lair:4   | Learned a level 6 spell: Eringya's Noxious Bog
 20342 | Lair:5   | Learned a level 2 spell: Blink
 20354 | Lair:5   | Found a staircase to the Slime Pits.
 21105 | Lair:6   | Entered Level 6 of the Lair of Beasts
 21115 | Lair:6   | Reached skill level 19 in Spellcasting
 21439 | Lair:6   | Noticed Sonja
 21440 | Lair:6   | Killed Sonja
 21442 | Lair:6   | Reached XP level 14. HP: 46/68 MP: 29/39
 21648 | Lair:6   | Offered knowledge of Ozocubu's Refrigeration by Vehumet.
 22122 | Lair:6   | Identified the +5 short sword "Ecred" {antimagic, rElec
                  | rC++ Str-4}
 22526 | Lair:6   | Found a burning altar of Makhleb.
 23056 | Lair:6   | Found a gateway to Hell.
 23263 | Lair:3   | Noticed Rupert
 23325 | Shoals:1 | Entered Level 1 of the Shoals
 23409 | Shoals:1 | Found an iron altar of Okawaru.
 23598 | Shoals:1 | Found Fowimom's Book Shop.
 23614 | Shoals:1 | Bought Sif Muna's Collected Works on the Harmful Blaze for
                  | 560 gold pieces
 23614 | Shoals:1 | Bought a There-And-Back Book for 600 gold pieces
 23614 | Shoals:1 | Bought a book of Unlife for 720 gold pieces
 23621 | Shoals:1 | Learned a level 6 spell: Death Channel
 23865 | Shoals:1 | Noticed Nikola
 23867 | Shoals:1 | Reached skill level 1 in Necromancy
 23900 | Shoals:1 | Killed Nikola
 24218 | Shoals:2 | Shot with an arrow by a satyr

Illustrated notes

Levels and vault maps discovered:
D:1:      dpeg_arrival_pond, layout_basic, ebering_ecumenical_altar_mist
D:2:      layout_basic
D:3:      layout_loops_ring, grunt_temple_overflow_open,
          hangedman_abyss_or_decor_lesser_grid
D:4:      layout_basic
D:5:      layout_basic, uniq_blork_the_orc
D:6:      layout_loops_corners, grunt_gozag_breadcrumbs, temple_doors_cd,
          minmay_misc_feat_columns, kennysheep_generic_room_9
D:7:      layout_loops_ring, nzn_hepliaklqana_mist_gate, uniq_crazy_yiuf_cottage
D:8:      layout_loops_ring, lair_entry_dummy
D:9:      layout_stronghold, enter_bailey_5, lightli_church_of_beogh
D:10:     layout_long_grid, nicolae_uskayaw_en_pointe, erik_orc_1,
          hangedman_weighted_door, nicolae_figureground_sparkle
D:11:     layout_cave_pools
D:12:     layout_cave_pods, grunt_ministairs_8, minivault_14,
          nemelex_diamond_rough_becter, uniq_nessos
Temple:   eino_temple_rhombus
Lair:1:   layout_gridlike, grunt_megastairs_3, serial_bayou_shore_b,
          uniq_prince_ribbit2
Lair:2:   layout_regular_city, ebering_ghost_disaster_area
Lair:3:   layout_small_grid, elwin_shoals_entry_rocks,
          minmay_snake_entry_six_corridors, uniq_rupert
Lair:4:   layout_cave_pods, grunt_megastairs_2
Lair:5:   layout_cave_pods, minmay_slime_entry_pillars, serial_bayou_shore_a
Lair:6:   evil_forest, layout_cave_pods, serial_bayou_shore_b,
          infiniplex_staircase_pool, uniq_sonja
Shoals:1: layout_shoals, serial_shops, nicolae_shop_trees, lemuel_oklob_altar,
          uniq_nikola
Shoals:2: layout_shoals, nicolae_shoals_undead_eyrie

Skill      XL: |  1  2  3  4  5  6  7  8  9 10 11 12 13 14 |
---------------+-------------------------------------------+-----
Spellcasting   | 4 5 6 8 10 13 14 17 19 | 19.9
Conjurations   | 5 6 7 9 11 13 14 16 17 | 17.2
Translocations | 1 2 3 5 6 |  6.0
Fire Magic     | 1 2 3 5 6 9 10 11 12 | 12.0
Poison Magic   | 1 2 3 4 |  4.0
Air Magic      | 1 2 3 4 |  4.0
Necromancy     | 4 |  4.1
Dodging        | |  2.6
Stealth        | |  2.7

Action                   |  1- 3 |  4- 6 |  7- 9 | 10-12 | 13-15 || total
-------------------------+-------+-------+-------+-------+-------++-------
Melee: Staff             |     2 |     3 |       |     4 |     9 ||    18
 Cast: Magic Dart        |    71 |    43 |    70 |   125 |     6 ||   315
       Searing Ray       |    11 |    32 |    50 |    51 |     7 ||   151
       Iskenderun's Myst |       |    11 |    31 |    42 |    33 ||   117
       Fireball          |       |       |       |   103 |   128 ||   231
       Starburst         |       |       |       |     4 |       ||     4
       Poisonous Vapours |       |       |       |     5 |       ||     5
       Flame Wave        |       |       |       |     8 |       ||     8
       Ignition          |       |       |       |     2 |    15 ||    17
       Blink             |       |       |       |       |     6 ||     6
       Eringya's Noxious |       |       |       |       |     6 ||     6
       Death Channel     |       |       |       |       |     2 ||     2
  Use: Scroll            |       |    10 |     1 |    16 |     2 ||    29
       Potion            |       |       |       |     4 |     7 ||    11
 Stab: Distracted        |       |       |       |     1 |       ||     1
Armor: Robe              |     3 |     4 |     5 |    26 |     3 ||    41
Dodge: Dodged            |    10 |    24 |    16 |    53 |    15 ||   118

Table legend: (Time is in decaauts)
 A = Elapsed time spent in this place.
 B = Non-inter-level travel time spent in this place.
 C = Inter-level travel time spent in this place.
 D = Time resting spent in this place.
 E = Time spent auto-exploring this place.
 F = Levels seen in this place.
 G = Mean time per level.
                   A        B        C        D        E       F      G
               +--------+--------+--------+--------+--------+-----+--------+
         Total |  24300 |  23760 |    540 |   4236 |  15302 |  22 | 1104.5 |
       Dungeon |  14644 |  14236 |    408 |   2154 |   9752 |  12 | 1220.3 |
        Temple |     69 |     69 |      0 |      0 |     37 |   1 |   69.0 |
          Lair |   8021 |   7889 |    132 |   1645 |   4944 |   6 | 1336.8 |
        Shoals |    940 |    940 |      0 |    350 |    400 |   2 |  470.0 |
        Bailey |    623 |    623 |      0 |     87 |    168 |   1 |  623.0 |
               +--------+--------+--------+--------+--------+-----+--------+

Top non-repeatable levels by time:
     D:9: 2093 daAuts
  Lair:6: 1937 daAuts
     D:4: 1581 daAuts
  Lair:1: 1508 daAuts
     D:3: 1451 daAuts
     D:1: 1446 daAuts
  Lair:4: 1344 daAuts
  Lair:5: 1226 daAuts
     D:6: 1205 daAuts
    D:12: 1185 daAuts
     D:5: 1156 daAuts
     D:2: 1068 daAuts
    D:10: 1039 daAuts
  Lair:3: 1026 daAuts
  Lair:2: 978 daAuts
